 Dungeon Crawl Stone Soup version 0.31-a0-1549-g5ff9445e89 (webtiles) character file.

Game seed: 4237947779835738044

44843 lunkers the Eclecticist (level 14, 0/105 HPs)
             Began as a Djinni Alchemist on Jan 2, 2024.
             Was an Elder of Ru.
             Slain by a death yak (26 damage)
             ... on level 5 of the Lair of Beasts.
             The game lasted 00:35:23 (10584 turns).

lunkers the Eclecticist (Djinni Alchemist)         Turns: 10584, Time: 00:35:24

Health: 0/105      AC:  7    Str:  7    XL:     14   Next: 68%
Gold:   675        EV: 14    Int: 27    God:    Ru [****..] SH:  0 Dex: 15

rFire   + + +        u - +1 spear (heavy)
rCold   x . .        (shield unavailable)
rNeg    . . .        D - +0 ring mail {rF+}
rPois   ∞            t - +1 helmet
rElec   .            k - scarf {+Inv}
rCorr   .            (no gloves)
SInv    .            (boots unavailable)
Will    +....        v - amulet of regeneration
Stlth   +            (ring unavailable)
HPRegen 1.17/turn    J - +6 ring of intelligence
MPRegen 0.00/turn

%: infuse magic (-1 HP)
@: about to teleport, flying
A: sickness immunity, fire resistance 2, cold vulnerability 1, missing a hand,
disrupted magic 1, float, innate caster, HP casting, extra vitality 1, no forms
a: Renounce Religion, Evoke Invisibility, Draw Out Power, Power Leap


You were on level 5 of the Lair of Beasts.
You worshipped Ru.
Ru was greatly pleased with you.
You visited 3 branches of the dungeon, and saw 14 of its levels.
You also visited: Bailey.

You collected 675 gold pieces.

Inventory:

Hand Weapons
 u - a +1 heavy spear (weapon)
Missiles
 n - 2 curare-tipped darts
 r - 2 throwing nets
Armour
 k - a scarf of invisibility (worn)
 t - a +1 helmet (worn)
 D - a +0 ring mail of fire resistance (worn)
Jewellery
 a - a +5 ring of evasion
 b - a ring of positive energy
 e - an amulet of reflection
 j - a +6 ring of dexterity
 q - a ring of fire
 v - an amulet of regeneration (around neck)
 y - a ring of protection from cold
 I - a +6 ring of strength
 J - a +6 ring of intelligence (right hand)
Wands
 m - a wand of paralysis (14)
 w - a wand of polymorph (2)
 E - a wand of flame (36)
Scrolls
 c - 2 scrolls of teleportation
 f - 2 scrolls of enchant armour
 g - a scroll of revelation
 s - 2 scrolls of fog
 A - 3 scrolls of enchant weapon
 B - 2 scrolls of fear
 K - a scroll of vulnerability
Potions
 d - 3 potions of enlightenment
 h - 2 potions of attraction
 i - 3 potions of might {unknown}
 l - 4 potions of curing
 o - a potion of magic {unknown}
 p - 3 potions of heal wounds {unknown}
 x - 5 potions of mutation {unknown}
 z - a potion of invisibility {unknown}
 C - a potion of berserk rage {unknown}
 F - 3 potions of haste {unknown}
 G - a potion of cancellation {unknown}
Miscellaneous
 H - a phial of floods


   Skills:
 + Level 11.3 Fighting
 + Level 12.5 Dodging
 - Level 1.5 Stealth
 + Level 15.0 Spellcasting
 + Level 15.0 Conjurations
 + Level 15.0 Hexes
   Level 0.0 Charms
 + Level 15.0 Summonings
 + Level 15.0 Necromancy
 + Level 15.0 Translocations
   Level 0.0 Transmutations
 + Level 15.0 Fire Magic
 + Level 15.0 Ice Magic
 + Level 15.0 Air Magic
 + Level 15.0 Earth Magic
 + Level 15.0 Alchemy


You knew the following spells:

 Your Spells              Type           Power      Damage    Failure   Level
a - Sting                 Conj/Alch      100%       1d9       1%          1
b - Mercury Vapours       Alch/Air       100%       N/A       1%          2
c - Mephitic Cloud        Conj/Alch/Air  79%        N/A       1%          3
d - Olgreb's Toxic Radia  Alch           79%        N/A       1%          4
e - Sticky Flame          Fire/Alch      79%        2d12      1%          4
f - Magic Dart            Conj           100%       1d8       1%          1
g - Blink                 Tloc           100%       N/A       1%          2
h - Static Discharge      Conj/Air       100%       3-8/arc   1%          2
i - Airstrike             Air            39%        2d(6-22)  1%          4
j - Animate Dead          Necr           79%        N/A       1%          4
k - Fireball              Conj/Fire      39%        3d16      1%          5
Your spell library was empty.

Dungeon Overview and Level Annotations

Branches:
Dungeon (9/15)             Temple (1/1) D:6            Lair (3/5) D:9
 Shoals (0/4) Lair:2       Bailey (visited)
  Snake: Lair:2-3    Spider: Lair:2-3       Orc: D:9-12

Altars:
Ashenzari
Cheibriados
Dithmenos
Elyvilon
Fedhas
Gozag
Hepliaklqana
Makhleb
Nemelex Xobeh
Qazlal
Ru
Trog
Wu Jian
Xom
Yredelemnul
Zin
The Shining One

Annotations:
Lair:1 1 runed translucent door, Neqioxon's ghost, journeyman MiFi


Innate Abilities, Weirdness & Mutations

You are immune to sickness and miasma.
You are immune to poison.
Your flesh is very heat resistant. (rF++)
You are vulnerable to cold. (rC-)
You are missing a hand.
Your casting is slightly disrupted.
You float through the air rather than walking.
You learn spells naturally, not from books.
Your magical power is your life essence.
You have superior vitality. (+4 MHP)
You cannot voluntarily change form.


Message History

You kill the death yak!
Your Spellcasting skill increases to level 15!
Your Conjurations skill increases to level 15!
Your Hexes skill increases to level 15!
Your Summonings skill increases to level 15!
Your Necromancy skill increases to level 15!
Your Translocations skill increases to level 15!
Your Fire Magic skill increases to level 15!
Your Ice Magic skill increases to level 15!
Your Air Magic skill increases to level 15!
Your Earth Magic skill increases to level 15!
Your Alchemy skill increases to level 15!
Casting: Olgreb's Toxic Radiance (mildly dangerous; 1% risk of failure)
Confirm with . or Enter, or press ? or * to list all spells.
You can't see any susceptible monsters within range! (Use Z to cast anyway.)
Casting: Olgreb's Toxic Radiance (mildly dangerous; 1% risk of failure)
Confirm with . or Enter, or press ? or * to list all spells.
Aiming: Airstrike (mildly dangerous; 1% risk of failure)
Press: ? - help, Dir - move target, f - death yak
Aim: a death yak (severely wounded, very poisoned, empty space bonus: 6/8)
The air twists around and strikes the death yak!
The death yak is severely wounded.
The yak bellows!
* * * LOW HITPOINT WARNING * * *
A yak comes into view.
Unknown command.
Casting: Airstrike (mildly dangerous; 1% risk of failure)
Confirm with . or Enter, or press ? or * to list all spells.
Aiming: Airstrike (mildly dangerous; 1% risk of failure)
Press: ? - help, Dir - move target, f/p - death yak
Aim: a death yak (severely wounded, very poisoned, empty space bonus: 5/8)
The air twists around and strikes the death yak!
The death yak is almost dead.
* * * LOW HITPOINT WARNING * * *
Unknown command.
As you read the scroll of teleportation, it crumbles to dust.
You feel strangely unstable.
The death yak looks more healthy.
A death yak comes into view.
A yak comes into view.
The death yak gores you!!
You die...

#...................
#.....Y.YY....P.....
##...................
#..†...Y...†.....#...
##††...Y.)...P.......
##..#................
#...##.^.P.......P...
#..Y#........P.P.....
#...@......#.........
##############.......
###...~. ♣♣.~~♣ ♣.~♣♣
♣~~♣ ♣♣~. .≈~♣ ~~♣♣


You could see 2 death yaks and 3 yaks.

Vanquished Creatures
  An orc warlord (Bailey)
  3 hydras
  A two-headed ogre (D:5)
  24 death yaks
  The ghost of osoart the Changeling, a novice OnSh of Hepliaklqana (D:5)
  Pikel (D:5)
  2 orc knights (Bailey)
  A cyclops (D:8)
  10 elephants
  4 black mambas
  6 cane toads
  2 rime drakes
  6 komodo dragons
  A polar bear (Lair:5)
  A hornet (D:8)
  A blink frog (Lair:5)
  11 yaks
  5 wyverns
  3 basilisks
  3 steam dragons
  3 vampire mosquitoes (D:9)
  An acid dragon (Lair:5)
  8 water moccasins
  5 black bears
  An ice beast (D:7)
  14 orc warriors
  An ogre (D:4)
  13 wolves
  2 centaurs
  3 lemures (D:5)
  2 phantoms
  A kobold brigand (D:8)
  13 bullfrogs
  A gnoll sergeant (D:9)
  5 scorpions
  An electric eel (D:8)
  6 howler monkeys
  2 bombardier beetles
  5 orc priests
  4 hounds
  3 sleepcaps
  An iguana (D:6)
  5 orc wizards
  A hell rat (Lair:5)
  16 gnolls
  4 adders
  2 shadow imps (D:5)
  2 white imps (D:6)
  2 ufetubi (D:6)
  3 ribbon worms
  A dart slug (D:3)
  18 orcs
  6 endoplasms
  A giant cockroach (D:1)
  22 goblins
  15 hobgoblins
  10 kobolds
  3 quokkas
  8 ball pythons
  7 bats
  4 frilled lizards
  3 rats
  A spectral hobgoblin (D:1)
316 creatures vanquished.

Notes
Turn   | Place    | Note
-------+----------+-------------------------------------------
     0 | D:1      | lunkers the Djinni Alchemist began the quest for the Orb.
     0 | D:1      | lunkers set off with the following spells memorised: Sting,
                  | Mercury Vapours, Mephitic Cloud, Olgreb's Toxic Radiance,
                  | Sticky Flame.
     0 | D:1      | Reached XP level 1. HP: 15/15 MP: 0/0
   211 | D:1      | Reached XP level 2. HP: 20/21 MP: 0/0
   224 | D:1      | Found a faded altar of an unknown god.
   641 | D:1      | Reached XP level 3. HP: 23/25 MP: 0/0
   641 | D:1      | Learned a level 1 spell: Magic Dart
  1203 | D:2      | Reached XP level 4. HP: 29/31 MP: 0/0
  1429 | D:2      | Found a glowing golden altar of the Shining One.
  2123 | D:3      | Found a faded altar of an unknown god.
  2142 | D:3      | Found an opulent altar of Gozag.
  2575 | D:4      | Reached XP level 5. HP: 28/35 MP: 0/0
  2575 | D:4      | Learned a level 2 spell: Blink
  2596 | D:4      | Reached skill level 5 in Spellcasting
  2596 | D:4      | Reached skill level 5 in Conjurations
  2596 | D:4      | Reached skill level 5 in Hexes
  2596 | D:4      | Reached skill level 5 in Summonings
  2596 | D:4      | Reached skill level 5 in Necromancy
  2596 | D:4      | Reached skill level 5 in Translocations
  2596 | D:4      | Reached skill level 5 in Fire Magic
  2596 | D:4      | Reached skill level 5 in Ice Magic
  2596 | D:4      | Reached skill level 5 in Air Magic
  2596 | D:4      | Reached skill level 5 in Earth Magic
  2596 | D:4      | Reached skill level 5 in Alchemy
  2932 | D:4      | Reached XP level 6. HP: 23/40 MP: 0/0
  3104 | D:4      | Noticed an ogre
  3108 | D:4      | Killed an ogre
  3300 | D:4      | Reached XP level 7. HP: 41/45 MP: 0/0
  3300 | D:4      | Learned a level 2 spell: Static Discharge
  3435 | D:5      | Entered Level 5 of the Dungeon
  3842 | D:5      | Noticed Pikel
  3851 | D:5      | Killed Pikel
  3852 | D:5      | Reached XP level 8. HP: 34/50 MP: 0/0
  3930 | D:5      | Found a runed translucent door.
  3930 | D:5      | Noticed osoart's ghost (novice OnSh)
  4272 | D:5      | Found a shadowy altar of Dithmenos.
  4393 | D:5      | Noticed a two-headed ogre
  4400 | D:5      | Killed a two-headed ogre
  4401 | D:5      | Reached XP level 9. HP: 10/55 MP: 0/0
  4401 | D:5      | Learned a level 4 spell: Airstrike
  4822 | D:5      | Killed osoart's ghost
  5225 | D:6      | Reached skill level 10 in Spellcasting
  5225 | D:6      | Reached skill level 10 in Conjurations
  5225 | D:6      | Reached skill level 10 in Hexes
  5225 | D:6      | Reached skill level 10 in Summonings
  5225 | D:6      | Reached skill level 10 in Necromancy
  5225 | D:6      | Reached skill level 10 in Translocations
  5225 | D:6      | Reached skill level 10 in Fire Magic
  5225 | D:6      | Reached skill level 10 in Ice Magic
  5225 | D:6      | Reached skill level 10 in Air Magic
  5225 | D:6      | Reached skill level 10 in Earth Magic
  5225 | D:6      | Reached skill level 10 in Alchemy
  5434 | D:6      | Found a staircase to the Ecumenical Temple.
  5656 | Temple   | Entered the Ecumenical Temple
  5675 | Temple   | Became a worshipper of Ru the Awakened
  5716 | D:7      | Reached XP level 10. HP: 32/60 MP: 0/0
  6440 | D:7      | Found a sparkling altar of Nemelex Xobeh.
  6555 | D:8      | Found a white marble altar of Elyvilon.
  6567 | D:8      | Found a bloodstained altar of Trog.
  6635 | D:8      | Gained mutation: You cannot voluntarily change form. [Ru
                  | sacrifice]
  6960 | D:8      | Noticed a cyclops
  6967 | D:8      | Killed a cyclops
  6968 | D:8      | Reached skill level 1 in Fighting
  6968 | D:8      | Reached XP level 11. HP: 11/67 MP: 0/0
  6968 | D:8      | Learned a level 4 spell: Animate Dead
  7082 | D:8      | Found a flagged portal.
  7097 | Bailey   | Entered a bailey
  7183 | Bailey   | Noticed an orc knight
  7190 | Bailey   | Killed an orc knight
  7223 | Bailey   | Noticed an orc knight
  7236 | Bailey   | Killed an orc knight
  7319 | Bailey   | Noticed an orc warlord
  7350 | Bailey   | Killed an orc warlord
  7351 | Bailey   | Reached skill level 5 in Dodging
  7435 | Bailey   | Reached XP level 12. HP: 73/84 MP: 0/0
  7750 | D:9      | Found a staircase to the Lair.
  8028 | Lair:1   | Entered Level 1 of the Lair of Beasts
  8146 | Lair:1   | Gained mutation: You are missing a hand. [Ru sacrifice]
  8146 | Lair:1   | Reached * piety under Ru
  8146 | Lair:1   | Reached ** piety under Ru
  8146 | Lair:1   | Reached *** piety under Ru
  8209 | Lair:1   | Reached XP level 13. HP: 29/92 MP: 0/0
  8209 | Lair:1   | Learned a level 5 spell: Fireball
  8880 | Lair:1   | Found a runed translucent door.
  8881 | Lair:1   | Noticed Neqioxon's ghost (journeyman MiFi)
  9367 | Lair:2   | Noticed a seven-headed hydra
  9376 | Lair:2   | Reached skill level 10 in Dodging
  9377 | Lair:2   | Killed a seven-headed hydra
  9907 | Lair:2   | Found a staircase to the Shoals.
 10077 | Lair:3   | Gained mutation: Your casting is slightly disrupted. [Ru
                  | sacrifice]
 10077 | Lair:3   | Reached **** piety under Ru
 10103 | Lair:3   | Reached skill level 10 in Fighting
 10103 | Lair:3   | Reached XP level 14. HP: 78/103 MP: 0/0
 10130 | Lair:3   | You are sucked into a shaft and drop 2 floors!
 10130 | Lair:5   | Entered Level 5 of the Lair of Beasts
 10581 | Lair:5   | Reached skill level 15 in Spellcasting
 10581 | Lair:5   | Reached skill level 15 in Conjurations
 10581 | Lair:5   | Reached skill level 15 in Hexes
 10581 | Lair:5   | Reached skill level 15 in Summonings
 10581 | Lair:5   | Reached skill level 15 in Necromancy
 10581 | Lair:5   | Reached skill level 15 in Translocations
 10581 | Lair:5   | Reached skill level 15 in Fire Magic
 10581 | Lair:5   | Reached skill level 15 in Ice Magic
 10581 | Lair:5   | Reached skill level 15 in Air Magic
 10581 | Lair:5   | Reached skill level 15 in Earth Magic
 10581 | Lair:5   | Reached skill level 15 in Alchemy
 10584 | Lair:5   | Slain by a death yak

Illustrated notes

Levels and vault maps discovered:
D:1:      lightli_arrival_chessboard, layout_basic,
          dreamdust_ecumenical_altar_drowned_temple
D:2:      layout_basic, basic_altar, minmay_crystal_room,
          chequers_serial_rivers_micro_c, kennysheep_generic_room_7
D:3:      layout_loops_ring, nicolae_overflow_ecumenical_swirl
D:4:      layout_basic
D:5:      layout_loops_corners, grunt_dithmenos_smoke, gammafunk_ghost_grave,
          serial_bayou_lagoon_b, uniq_pikel
D:6:      layout_basic, temple_statues
D:7:      layout_loops_ring, mainiacjoe_overflow_boulevard, nicolae_benzene_ring
D:8:      layout_cave_pools, nicolae_overflow_squiral, enter_bailey_7,
          serial_column_ruins, column_ruins_hut, column_ruins_open_tiny,
          column_ruins_open_tiny, column_ruins_grid_1, column_ruins_open_medium,
          column_ruins_open_medium
D:9:      layout_cave_pools, lair_entry_dummy
Temple:   nicolae_temple_great_sept
Lair:1:   layout_cave_pods, ebering_ghost_reflecting_pool,
          infiniplex_staircase_pool_2, grunt_megastairs_1
Lair:2:   layout_concentric_octagons, shoals_dummy_entry, grunt_megastairs_4,
          serial_bayou_shore_b
Lair:3:   beast_lair_carwin_large_3, layout_loops_ring, dummy_spider_entry,
          serial_bayou_shore_b
Lair:5:   hangedman_lair_in_review, layout_long_grid, guppyfry_lair_end_dragon,
          dpeg_slime_entry_enclosed

Skill      XL: |  1  2  3  4  5  6  7  8  9 10 11 12 13 14 |
---------------+-------------------------------------------+-----
Spellcasting   | 4 5 6 7 9 10 12 13 14 15 | 15.0
Conjurations   | 4 5 6 7 9 10 12 13 14 15 | 15.0
Hexes          | 4 5 6 7 9 10 12 13 14 15 | 15.0
Summonings     | 4 5 6 7 9 10 12 13 14 15 | 15.0
Necromancy     | 4 5 6 7 9 10 12 13 14 15 | 15.0
Translocations | 4 5 6 7 9 10 12 13 14 15 | 15.0
Fire Magic     | 4 5 6 7 9 10 12 13 14 15 | 15.0
Ice Magic      | 4 5 6 7 9 10 12 13 14 15 | 15.0
Air Magic      | 4 5 6 7 9 10 12 13 14 15 | 15.0
Earth Magic    | 4 5 6 7 9 10 12 13 14 15 | 15.0
Alchemy        | 4 5 6 7 9 10 12 13 14 15 | 15.0
Fighting       | 1 6 7 10 11 | 11.3
Dodging        | 7 8 11 12 | 12.5
Stealth        | |  1.5

Action                     |  1- 3 |  4- 6 |  7- 9 | 10-12 | 13-15 || total
---------------------------+-------+-------+-------+-------+-------++-------
  Melee: Spear             |       |       |     9 |    46 |    28 ||    83
   Cast: Sting             |    60 |    93 |    82 |    26 |    19 ||   280
         Sticky Flame      |       |     1 |     5 |    40 |    49 ||    95
         Olgreb's Toxic Ra |       |       |     3 |    46 |    43 ||    92
         Static Discharge  |       |       |     3 |       |       ||     3
         Mercury Vapours   |       |       |     5 |     4 |     9 ||    18
         Airstrike         |       |       |     8 |     4 |    14 ||    26
         Fireball          |       |       |       |       |    17 ||    17
 Invoke: Sacrifice Forms   |       |       |       |     1 |       ||     1
         Sacrifice a Hand  |       |       |       |     1 |       ||     1
         Sacrifice Essence |       |       |       |       |     1 ||     1
  Evoke: Wand              |       |       |       |     1 |       ||     1
    Use: Scroll            |       |       |     9 |     3 |     3 ||    15
         Potion            |       |       |       |     1 |       ||     1
   Stab: Petrified         |       |       |       |       |     2 ||     2
 Armour: Robe              |     5 |    10 |    48 |    33 |       ||    96
         Ring mail         |       |       |       |    61 |    90 ||   151
  Dodge: Dodged            |    10 |    19 |    39 |    97 |    92 ||   257
  Block: Other             |       |     5 |     5 |       |       ||    10
         Reflection        |       |     2 |       |       |       ||     2

Table legend: (Time is in decaauts)
 A = Elapsed time spent in this place.
 B = Non-inter-level travel time spent in this place.
 C = Inter-level travel time spent in this place.
 D = Time resting spent in this place.
 E = Time spent auto-exploring this place.
 F = Levels seen in this place.
 G = Mean time per level.
                   A        B        C        D        E       F      G
               +--------+--------+--------+--------+--------+-----+--------+
         Total |  10629 |  10342 |    287 |      0 |   8297 |  15 |  708.6 |
       Dungeon |   7663 |   7442 |    221 |      0 |   6166 |   9 |  851.4 |
        Temple |     29 |     20 |      9 |      0 |      0 |   1 |   29.0 |
          Lair |   2577 |   2520 |     57 |      0 |   1972 |   4 |  644.2 |
        Bailey |    359 |    359 |      0 |      0 |    159 |   1 |  359.0 |
               +--------+--------+--------+--------+--------+-----+--------+

Top non-repeatable levels by time:
     D:5: 1601 daAuts
  Lair:1: 1218 daAuts
     D:1: 1064 daAuts
     D:4: 898 daAuts
  Lair:2: 825 daAuts
     D:2: 822 daAuts
     D:7: 775 daAuts
     D:8: 730 daAuts
     D:3: 648 daAuts
     D:6: 641 daAuts
     D:9: 481 daAuts
  Lair:5: 458 daAuts
  Bailey: 359 daAuts
  Lair:3: 75 daAuts
  Temple: 29 daAuts
